 Dungeon Crawl Stone Soup version 0.31-a0-1172-g9944ec47dd (webtiles) character file.

Game seed: 8408860405578754226

122043 iguanaiguana the Grappler (level 16, 0/127 HPs)
             Began as a Gnoll Shapeshifter on Dec 9, 2023.
             Was a High Priest of Okawaru.
             Killed from afar by a shock serpent (24 damage)
             ... with a bolt of electricity
             ... on level 2 of the Snake Pit on Dec 10, 2023.
             The game lasted 01:49:38 (35048 turns).

iguanaiguana the Grappler (Gnoll Shapeshifter)     Turns: 35048, Time: 01:49:39

Health: 0/127      AC: 45    Str: 26    XL:     16   Next: 86%
Magic:  0/31       EV:  9    Int: 10    God:    Okawaru [*****.]
Gold:   389        SH: 12    Dex: 14    Spells: 35/37 levels left

rFire   + . .        a - +0 broad axe (freeze)
rCold   + . .        c - +0 kite shield
rNeg    . . .        O - +11 gold dragon scales of the Silversmith {Drain rPois rF+ rC+ Regen+ rCorr Str+4}
rPois   +            e - +2 helmet
rElec   .            H - +2 cloak
rCorr   +            D - +2 pair of gloves {Str+3}
SInv    +            N - +0 pair of boots "Xuet" {Stlth+}
Will    +....        T - amulet of guardian spirit Stlth
                     k - +4 ring of protection
HPRegen 1.21/turn    x - ring of see invisible
MPRegen 0.22/turn

%: guardian spirit
@: no status effects
A: fangs 1, strong nose, distributed training
a: Renounce Religion, Heroism, Finesse, Duel


You were on level 2 of the Snake Pit.
You worshipped Okawaru.
Okawaru was extremely pleased with you.
You visited 4 branches of the dungeon, and saw 25 of its levels.

You collected 4227 gold pieces.
You spent 3838 gold pieces at shops.

Inventory:

Hand Weapons
 a - a +0 broad axe of freezing (weapon)
 b - a +1 rapier of venom
Missiles
 d - a dart of dispersal
 l - 26 boomerangs (quivered)
 p - a throwing net
 q - 31 poisoned darts
 B - 7 atropa-tipped darts
 C - a javelin
 R - 13 silver javelins
 V - a curare-tipped dart
Armour
 c - a +0 kite shield (worn)
 e - a +2 helmet (worn)
 D - a +2 pair of gloves of strength (worn)
 H - a +2 cloak (worn)
 I - a +0 tower shield
 N - the +0 pair of boots "Xuet" (worn) {Stlth+}
   (You bought it in a shop on level 2 of the Orcish Mines)

   Stlth+:    It makes you more stealthy.
 O - the +11 gold dragon scales of the Silversmith (worn) {Drain rPois rF+ rC+ Regen+ rCorr Str+4}
   (You bought it in a shop on level 10 of the Dungeon)

   Str+4:     It affects your strength (+4).
   rF+:       It protects you from fire.
   rC+:       It protects you from cold.
   rPois:     It protects you from poison Regen+: It increases your rate of
   health regeneration.
   rCorr:     It protects you from acid and corrosion.
   Drain:     It drains your maximum health when unequipped.
 Q - a +0 pair of boots
Jewellery
 h - a ring of flight
 k - a +4 ring of protection (left hand)
 x - a ring of see invisible (right hand)
 T - an amulet of guardian spirit (around neck)
 X - a +4 ring of protection
 Z - a ring of protection from fire
Wands
 v - a wand of flame (59)
 L - a wand of digging (4) {@v3}
 Y - a wand of quicksilver (8)
Scrolls
 j - a scroll of silence
 m - a scroll of fear
 s - 5 scrolls of teleportation {@r3}
 t - 4 scrolls of vulnerability
 u - 6 scrolls of immolation
 y - 2 scrolls of poison
 z - a scroll of brand weapon
 A - 3 scrolls of amnesia
 E - 4 scrolls of fog
 G - 4 scrolls of blinking {@r4}
 J - a scroll of enchant weapon
 K - 2 scrolls of revelation
 P - 9 scrolls of identify {@r1}
 W - 2 scrolls of enchant armour
Potions
 f - 6 potions of enlightenment
 g - a potion of ambrosia
 i - 10 potions of might {@q3}
 n - 4 potions of invisibility
 o - 2 potions of magic
 r - 4 potions of curing {@q1}
 w - a potion of berserk rage
 F - 2 potions of haste {@q4}
 M - 5 potions of mutation
 S - 2 potions of attraction
 U - a potion of lignification


   Skills:
 + Level 11.7 Fighting
 + Level 11.4 Short Blades
 + Level 11.4 Long Blades
 + Level 11.4 Axes
 + Level 11.4 Maces & Flails
 + Level 11.4 Polearms
 + Level 11.4 Staves
 + Level 11.4 Ranged Weapons
 + Level 11.4 Throwing
 + Level 11.4 Armour
 + Level 12.2 Dodging
 + Level 11.4 Stealth
 + Level 11.4 Shields
 + Level 13.0 Unarmed Combat
 + Level 11.4 Spellcasting
 + Level 9.6 Conjurations
 + Level 9.6 Hexes
 + Level 9.6 Summonings
 + Level 9.6 Necromancy
 + Level 9.6 Translocations
 + Level 9.6 Transmutations
 + Level 9.6 Fire Magic
 + Level 9.6 Ice Magic
 + Level 9.6 Air Magic
 + Level 9.6 Earth Magic
 + Level 9.6 Poison Magic
 + Level 12.4 Invocations
 + Level 11.4 Evocations
 + Level 12.3 Shapeshifting


You had 35 spell levels left.
You knew the following spells:

 Your Spells              Type           Power      Damage    Failure   Level
a - Blink                 Tloc           50%        N/A       19%         2

Your spell library contained the following spells:

 Spells                   Type           Power      Damage    Failure   Level
 Foxfire                  Conj/Fire      100%       2x1d9     12%         1
 Ensorcelled Hibernation  Hex/Ice        50%        N/A       19%         2
 Jinxbite                 Hex            50%        N/A       19%         2
 Lesser Beckoning         Tloc           50%        N/A       19%         2
 Momentum Strike          Conj/Tloc      50%        3d9       19%         2
 Passwall                 Tmut/Erth      20%        N/A       19%         2
 Gell's Gravitas          Tloc           25%        N/A       36%         3
 Sigil of Binding         Hex            25%        N/A       36%         3
 Swiftness                Air            25%        N/A       36%         3
 Teleport Other           Tloc           25%        N/A       36%         3
 Manifold Assault         Tloc           25%        N/A       77%         4
 Borgnjor's Vile Clutch   Necr/Erth      12%        N/A       98%         5
 Dispersal                Tloc           12%        N/A       100%        6
 Plasma Beam              Fire/Air       12%        2x1d23    100%        6
 Starburst                Conj/Fire      12%        6d5       100%        6
 Disjunction              Tloc           12%        N/A       100%        8
 Animate Dead             Necr           Unusable   N/A       N/A         4
 Death Channel            Necr           Unusable   N/A       N/A         6

Dungeon Overview and Level Annotations

Branches:
Dungeon (15/15) Zot: 25651  Temple (0/1) D:4            Lair (5/5) D:11 Zot: 20105
 Shoals (0/4) Lair:2        Snake (3/4) Lair:3 Zot: 15991     Orc (2/2) D:10 Zot: 8260
    Elf (0/3) Orc:2        Vaults (0/5) D:13         Depths (0/4) D:15
  Slime: Lair:4-5

Altars:
Dithmenos
Elyvilon
Fedhas
Hepliaklqana
Makhleb
Okawaru
Qazlal
Ru
Sif Muna
Trog
Uskayaw
Vehumet
Zin
Jiyva

Shops:
D:3 [   D:6 *   D:8 (   D:10 [   D:11 ?   D:12 [   Orc:2 =([:   Snake:1 (==

Annotations:
D:3 exclusion: downstairs
D:5 exclusion: downstairs
D:13 Azrael
Lair:1 2 transporters, Tollund's ghost, journeyman KoEn
Lair:5 exclusion: oklob plant
Snake:2 Vashnia
Snake:3 3 runed translucent doors, exclusion: 3 doors, Wastoufi's ghost, adept GrFi


Innate Abilities, Weirdness & Mutations

You have very sharp teeth.
Your uncanny sense of smell can sniff out nearby items.
Your experience applies equally to all skills.


Message History

* * * LOW HITPOINT WARNING * * *
You closely miss the shock serpent.
The shock serpent is lightly wounded.
The shock serpent bites you!
* * * LOW HITPOINT WARNING * * *
The shock serpent shocks you!
* * * LOW HITPOINT WARNING * * *
You barely miss the shock serpent.
You bite the shock serpent, but do no damage.
The shock serpent is lightly wounded.
You slice the shock serpent!!
The shock serpent seems to slow down.
You freeze the shock serpent.
The shock serpent is heavily wounded.
The shock serpent's electric aura discharges, shocking you!
You hit the shock serpent.
The shock serpent seems to slow down.
You freeze the shock serpent. Your bite misses the shock serpent.
The shock serpent is heavily wounded.
You slash the shock serpent!
The shock serpent seems to slow down.
You freeze the shock serpent.
The shock serpent is almost dead.
The shock serpent's electric aura discharges, shocking you!
* * * LOW HITPOINT WARNING * * *
You hit the shock serpent but do no damage.
The shock serpent is almost dead.
The shock serpent shoots out a bolt of lightning at you!
The bolt of electricity hits you!
* * * LOW HITPOINT WARNING * * *
You barely miss the shock serpent.
The shock serpent is almost dead.
The shock serpent bites you!
* * * LOW HITPOINT WARNING * * *
The shock serpent shocks you!
* * * LOW HITPOINT WARNING * * *
You miss the shock serpent.
The shock serpent is almost dead.
You barely miss the shock serpent. Your bite misses the shock serpent.
The shock serpent is almost dead.
The shock serpent shoots out a bolt of lightning at you!
The bolt of electricity hits you!!
You die...

###### ∆
#.....###
........##
.........##
..........#
∆ ###
.......@..##
###..
...#...#S..#
#..##
#...#.>.#
#....
∆#...#...#
#....
#...##.##
#.... ##..
### #####
#.. #.. ##.
∆ #...## #..
#.


You could see a shock serpent (slow).

Vanquished Creatures
  Saint Roka (Arena)
  Rupert (Lair:5)
  Gastronok (Lair:1)
  A nagaraja (Snake:3)
  A fire dragon (Lair:5)
  Fannar (D:10)
  Harold (Lair:2)
  10 hydras
  An ogre mage (D:13)
  Erica (D:10)
  6 anacondas
  5 centaur warriors
  5 two-headed ogres
  4 boulder beetles
  15 death yaks
  6 naga sharpshooters
  A vampire mage (D:15)
  7 naga warriors
  2 shock serpents (Snake:1)
  2 orc high priests
  2 skysharks
  3 skeletal warriors (D:15)
  A spark wasp zombie (D:15)
  3 naga ritualists
  2 lindwurms
  6 orc knights
  2 deep elf pyromancers (D:14)
  A mana viper (Snake:1)
  A necromancer (D:15)
  9 ugly things
  2 orc sorcerers
  2 salamanders (Snake:1)
  4 manticores
  4 cyclopes
  An oklob plant (Lair:4)
  14 black mambas
  10 elephants
  A merfolk siren (Lair:2)
  5 slime creatures (D:15)
  4 kobold blastminers
  A guardian serpent (shapeshifter) (D:14)
  A naga mage (Snake:2)
  Maggie (D:7)
  A torpor snail (Lair:5)
  Joseph (D:7)
  3 molten gargoyles (Lair:5)
  A kobold demonologist (D:13)
  11 cane toads
  2 rime drakes
  9 komodo dragons
  2 tengu conjurers (D:13)
  4 yaktaurs (D:13)
  2 meliai (shapeshifter)
  A polar bear (Lair:4)
  3 meliai
  11 trolls
  2 hornets
  3 merfolk (Lair:2)
  27 blink frogs
  8 dream sheep
  A wind drake (Orc:2)
  A culicivora (Orc:2)
  A shadow (D:12)
  A spriggan skeleton (D:15)
  2 wraiths (D:9)
  A water elemental (D:14)
  6 wyverns
  2 humans (D:11)
  2 fire elementals (D:13)
  59 yaks
  6 basilisks
  A fire bat (D:11)
  A golden eye (Lair:4)
  The ghost of BigPumpCobain the Ruffian, an amateur DrSh (D:6)
  4 steam dragons
  11 vampire mosquitoes
  5 wargs
  10 nagas
  2 acid dragons
  9 water moccasins
  7 hell hounds
  A water moccasin (shapeshifter) (D:15)
  26 orc warriors
  Duvessa (D:4)
  2 black bears
  8 wolves
  10 ogres
  9 centaurs
  A phantom (D:5)
  5 kobold brigands
  15 bullfrogs
  A gnoll sergeant (D:11)
  2 scorpions
  A ballistomycete (Lair:4)
  Dowan (D:4)
  5 killer bees (D:9)
  7 howler monkeys
  3 electric eels
  5 lava snakes (Lair:5)
  5 quasits
  4 hounds
  A jelly (D:8)
  2 gnoll boudas
  20 orc priests
  4 iguanas
  2 sleepcaps
  Natasha (twice) (D:2)
  33 orc wizards
  12 gnolls
  9 adders
  4 shadow imps
  A white imp (D:6)
  5 ufetubi
  A dart slug (D:5)
  122 orcs
  7 bats
  7 endoplasms
  6 giant cockroaches
  11 goblins
  7 hobgoblins
  5 jackals
  3 quokkas
  3 training dummies (Snake:1)
  6 ball pythons
  2 frilled lizards (D:3)
  15 kobolds
  6 rats
  A ballistomycete spore (Lair:4)
785 creatures vanquished.

Vanquished Creatures (others)
  A black mamba (Snake:1)
  An unseen horror (D:13)
  An orc wizard (Orc:2)
  An orc (D:8)
  2 ballistomycete spores (Lair:4)
6 creatures vanquished.

Grand Total: 791 creatures vanquished

Notes
Turn   | Place    | Note
-------+----------+-------------------------------------------
     0 | D:1      | iguanaiguana the Gnoll Shapeshifter began the quest for the
                  | Orb.
     0 | D:1      | Reached XP level 1. HP: 17/17 MP: 1/1
   138 | D:1      | Reached XP level 2. HP: 23/23 MP: 2/2
   503 | D:1      | Reached XP level 3. HP: 28/28 MP: 3/3
   857 | D:1      | Reached skill level 1 in Invocations
   929 | D:2      | Found an iron altar of Okawaru.
   949 | D:2      | Became a worshipper of Warmaster Okawaru
  1092 | D:2      | Reached skill level 1 in Short Blades
  1092 | D:2      | Reached skill level 1 in Long Blades
  1092 | D:2      | Reached skill level 1 in Axes
  1092 | D:2      | Reached skill level 1 in Maces & Flails
  1092 | D:2      | Reached skill level 1 in Polearms
  1092 | D:2      | Reached skill level 1 in Staves
  1092 | D:2      | Reached skill level 1 in Ranged Weapons
  1092 | D:2      | Reached skill level 1 in Throwing
  1092 | D:2      | Reached skill level 1 in Armour
  1092 | D:2      | Reached skill level 1 in Stealth
  1092 | D:2      | Reached skill level 1 in Shields
  1092 | D:2      | Reached skill level 1 in Spellcasting
  1092 | D:2      | Reached skill level 1 in Evocations
  1471 | D:2      | Noticed Natasha
  1498 | D:2      | Killed Natasha
  1499 | D:2      | Reached XP level 4. HP: 34/34 MP: 5/5
  1528 | D:2      | Noticed Natasha
  1571 | D:2      | Killed Natasha
  1572 | D:2      | Reached skill level 1 in Conjurations
  1572 | D:2      | Reached skill level 1 in Hexes
  1572 | D:2      | Reached skill level 1 in Summonings
  1572 | D:2      | Reached skill level 1 in Necromancy
  1572 | D:2      | Reached skill level 1 in Translocations
  1572 | D:2      | Reached skill level 1 in Transmutations
  1572 | D:2      | Reached skill level 1 in Fire Magic
  1572 | D:2      | Reached skill level 1 in Ice Magic
  1572 | D:2      | Reached skill level 1 in Air Magic
  1572 | D:2      | Reached skill level 1 in Earth Magic
  1572 | D:2      | Reached skill level 1 in Poison Magic
  1895 | D:3      | Reached XP level 5. HP: 40/40 MP: 5/7
  2045 | D:3      | Found Medoyhar's Armour Shop.
  2098 | D:3      | Identified the +3 chain mail "Sadwegon" {Int+3 Slay+2
                  | Stlth-}
  2294 | D:3      | Found a glowing silver altar of Zin.
  2505 | D:3      | You fall into a shaft and drop 1 floor!
  2857 | D:4      | Reached XP level 6. HP: 42/47 MP: 8/8
  2943 | D:4      | Noticed Dowan
  2943 | D:4      | Noticed Duvessa
  3048 | D:4      | Killed Duvessa
  3048 | D:4      | Reached * piety under Okawaru
  3049 | D:4      | Reached skill level 5 in Dodging
  3061 | D:4      | Killed Dowan
  3131 | D:4      | Identified 2 scrolls of acquirement
  3131 | D:4      | Acquired a +1 pair of gloves of strength
  3143 | D:4      | Acquired 1186 gold pieces
  3195 | D:3      | Bought a +2 crystal plate armour for 1196 gold pieces
  3331 | D:4      | Found a staircase to the Ecumenical Temple.
  3363 | D:4      | Reached XP level 7. HP: 52/52 MP: 10/10
  3370 | D:4      | Reached skill level 7 in Unarmed Combat
  3883 | D:5      | Entered Level 5 of the Dungeon
  3929 | D:5      | Identified the +4 ring mail of Broken Taboos {Will+ Str+5}
  4112 | D:5      | Reached ** piety under Okawaru
  4188 | D:5      | Reached XP level 8. HP: 55/60 MP: 12/12
  5342 | D:6      | Found a runed translucent door.
  5342 | D:6      | Noticed BigPumpCobain's ghost (amateur DrSh)
  5371 | D:6      | Killed BigPumpCobain's ghost
  5575 | D:6      | Found Gupp's General Store.
  5580 | D:6      | Bought a scroll of enchant armour for 97 gold pieces
  5580 | D:6      | Bought a scroll of teleportation for 39 gold pieces
  5580 | D:6      | Bought a scroll of noise for 13 gold pieces
  5894 | D:7      | Noticed Joseph
  5898 | D:7      | Killed Joseph
  5898 | D:7      | Reached *** piety under Okawaru
  5899 | D:7      | Reached XP level 9. HP: 48/67 MP: 13/15
  5989 | D:7      | Found a radiant altar of Vehumet.
  6327 | D:7      | Reached skill level 5 in Fighting
  6402 | D:7      | Found a shimmering blue altar of Sif Muna.
  6721 | D:7      | Noticed Maggie
  6725 | D:7      | Killed Maggie
  6726 | D:7      | Reached skill level 8 in Unarmed Combat
  6726 | D:7      | Reached skill level 5 in Invocations
  6726 | D:7      | Noticed a two-headed ogre
  6731 | D:7      | Killed a two-headed ogre
  6731 | D:7      | Reached **** piety under Okawaru
  6732 | D:7      | Reached XP level 10. HP: 75/75 MP: 15/17
  6831 | D:7      | Reached skill level 5 in Short Blades
  6831 | D:7      | Reached skill level 5 in Long Blades
  6831 | D:7      | Reached skill level 5 in Axes
  6831 | D:7      | Reached skill level 5 in Maces & Flails
  6831 | D:7      | Reached skill level 5 in Polearms
  6831 | D:7      | Reached skill level 5 in Staves
  6831 | D:7      | Reached skill level 5 in Ranged Weapons
  6831 | D:7      | Reached skill level 5 in Throwing
  6831 | D:7      | Reached skill level 5 in Armour
  6831 | D:7      | Reached skill level 5 in Stealth
  6831 | D:7      | Reached skill level 5 in Shields
  6831 | D:7      | Reached skill level 5 in Spellcasting
  6831 | D:7      | Reached skill level 5 in Evocations
  7012 | D:7      | Found a sacrificial altar of Ru.
  7129 | D:7      | Found a white marble altar of Elyvilon.
  7181 | D:8      | Found Jiuchiu's Weapon Shop.
  7197 | D:8      | Paralysed by a hornet for 1 turns
  7438 | D:8      | Bought 2 curare-tipped darts for 31 gold pieces
  8593 | D:9      | Reached ***** piety under Okawaru
  8814 | D:9      | Found a hazy altar of Hepliaklqana.
  8815 | D:9      | Found a shadowy altar of Dithmenos.
  8815 | D:9      | Found a bloodstained altar of Trog.
  8815 | D:9      | Found a stormy altar of Qazlal.
  8819 | D:9      | Found a hide-covered altar of Uskayaw.
  8820 | D:9      | Found a blossoming altar of Fedhas.
  8913 | D:9      | Noticed a two-headed ogre
  8926 | D:9      | Killed a two-headed ogre
  9100 | D:10     | Entered Level 10 of the Dungeon
  9250 | D:9      | Received a gift from Okawaru
  9315 | D:10     | Found a staircase to the Orcish Mines.
  9467 | D:10     | Noticed Fannar
  9492 | D:10     | Killed Fannar
  9493 | D:10     | Reached skill level 9 in Unarmed Combat
  9493 | D:10     | Reached skill level 5 in Conjurations
  9493 | D:10     | Reached skill level 5 in Hexes
  9493 | D:10     | Reached skill level 5 in Summonings
  9493 | D:10     | Reached skill level 5 in Necromancy
  9493 | D:10     | Reached skill level 5 in Translocations
  9493 | D:10     | Reached skill level 5 in Transmutations
  9493 | D:10     | Reached skill level 5 in Fire Magic
  9493 | D:10     | Reached skill level 5 in Ice Magic
  9493 | D:10     | Reached skill level 5 in Air Magic
  9493 | D:10     | Reached skill level 5 in Earth Magic
  9493 | D:10     | Reached skill level 5 in Poison Magic
  9493 | D:10     | Reached XP level 11. HP: 83/83 MP: 6/20
  9737 | D:10     | Noticed Erica
  9746 | D:10     | Killed Erica
  9865 | D:10     | Found Ishkur's Dragon-Slaying Spoils.
 10000 | D:10     | Received a gift from Okawaru
 10566 | D:11     | Noticed a two-headed ogre
 10586 | D:11     | Killed a two-headed ogre
 11134 | D:11     | Noticed a death yak
 11136 | D:11     | Noticed a death yak
 11502 | D:11     | Found a staircase to the Lair.
 11552 | D:11     | Found Bocvum's Magic Scroll Shoppe.
 11559 | D:11     | Bought a scroll of blinking for 112 gold pieces
 11658 | D:11     | Noticed a death yak
 11658 | D:11     | Noticed a death yak
 11712 | D:10     | Received a gift from Okawaru
 11982 | D:11     | Noticed a death yak
 12036 | D:10     | Killed a death yak
 12270 | D:11     | Reached XP level 12. HP: 87/91 MP: 22/22
 12308 | D:11     | Noticed a death yak
 12361 | D:10     | Killed a death yak
 12361 | D:10     | Received a gift from Okawaru
 12683 | D:11     | Killed a death yak
 12698 | D:11     | Killed a death yak
 13100 | D:11     | Killed a death yak
 13668 | D:11     | Killed a death yak
 13669 | D:11     | Reached skill level 10 in Unarmed Combat
 13804 | D:11     | Found Bocvum's Magic Scroll Shoppe.
 14192 | D:11     | Found a staircase to the Lair.
 14349 | Lair:1   | Entered Level 1 of the Lair of Beasts
 14377 | Lair:1   | Noticed Gastronok
 14405 | Lair:1   | Killed Gastronok
 14807 | Lair:1   | Found a transporter.
 14813 | Lair:1   | Found a transporter.
 14821 | Lair:1   | Noticed Tollund's ghost (journeyman KoEn)
 14822 | Lair:1   | Found a bloodstained altar of Trog.
 15033 | Lair:1   | Received a gift from Okawaru
 15047 | Lair:1   | Noticed a death yak
 15059 | Lair:1   | Noticed a death yak
 15067 | Lair:1   | Noticed a death yak
 15085 | Lair:1   | Killed a death yak
 15088 | Lair:1   | Killed a death yak
 15092 | Lair:1   | Reached XP level 13. HP: 74/99 MP: 11/24
 15231 | Lair:1   | Reached skill level 10 in Shapeshifting
 16128 | Lair:2   | Received a gift from Okawaru
 16418 | Lair:2   | Found a staircase to the Shoals.
 16661 | Lair:2   | Noticed Harold
 16675 | Lair:2   | Killed Harold
 17041 | Lair:3   | Found a staircase to the Snake Pit.
 17273 | Lair:3   | Identified the +1 short sword of Palanam {holy, rF+ Int+2}
 17296 | Lair:3   | Received a gift from Okawaru
 18098 | Lair:3   | Reached skill level 10 in Dodging
 18098 | Lair:3   | Reached skill level 11 in Unarmed Combat
 18521 | Orc:1    | Entered Level 1 of the Orcish Mines
 18931 | Orc:2    | Entered Level 2 of the Orcish Mines
 19185 | Orc:2    | Reached XP level 14. HP: 85/108 MP: 19/26
 19448 | Orc:2    | Found a staircase to the Elven Halls.
 19711 | Orc:2    | Noticed Saint Roka
 19841 | Orc:1    | Received a gift from Okawaru
 20138 | Orc:1    | Reached skill level 10 in Invocations
 20638 | Arena    | Entered the Arena
 20657 | Arena    | Killed Saint Roka
 21042 | Orc:2    | Found Xeenol's Jewellery Emporium.
 21194 | Orc:2    | Found Woyxonig's Book Shop.
 21829 | Orc:2    | Received a gift from Okawaru
 21994 | Orc:2    | Found Ladd's Antique Armour Boutique.
 21995 | Orc:2    | Found Iliwaq's Antique Weapon Shop.
 22008 | Orc:2    | Bought a pair of brightly glowing boots for 247 gold pieces
 22008 | Orc:2    | Identified the +0 pair of boots "Xuet" {Stlth+} (You bought
                  | it in a shop on level 2 of the Orcish Mines)
 22800 | Lair:4   | Identified the +10 scale mail of Sloth {Str+7 Stlth+}
 23602 | Lair:4   | Reached skill level 10 in Fighting
 24217 | Lair:4   | Received a gift from Okawaru
 25277 | Lair:5   | Entered Level 5 of the Lair of Beasts
 25507 | Lair:5   | Acquired 634 gold pieces
 25617 | Lair:5   | Reached XP level 15. HP: 115/115 MP: 28/28
 25782 | Lair:5   | Noticed Rupert
 25800 | Lair:5   | Killed Rupert
 25827 | Lair:5   | Reached skill level 10 in Short Blades
 25827 | Lair:5   | Reached skill level 10 in Long Blades
 25827 | Lair:5   | Reached skill level 10 in Axes
 25827 | Lair:5   | Reached skill level 10 in Maces & Flails
 25827 | Lair:5   | Reached skill level 10 in Polearms
 25827 | Lair:5   | Reached skill level 10 in Staves
 25827 | Lair:5   | Reached skill level 10 in Ranged Weapons
 25827 | Lair:5   | Reached skill level 10 in Throwing
 25827 | Lair:5   | Reached skill level 10 in Armour
 25827 | Lair:5   | Reached skill level 10 in Stealth
 25827 | Lair:5   | Reached skill level 10 in Shields
 25827 | Lair:5   | Reached skill level 10 in Spellcasting
 25827 | Lair:5   | Reached skill level 10 in Evocations
 26062 | Lair:5   | Received a gift from Okawaru
 26366 | Lair:5   | Reached skill level 12 in Unarmed Combat
 26758 | Lair:5   | Got the Parchment of Ensorcelling
 26916 | Lair:5   | Found a viscous altar of Jiyva.
 27325 | Lair:5   | Received a gift from Okawaru
 27422 | Lair:5   | Found a large runed translucent door.
 27423 | Lair:5   | Found a large runed translucent door.
 28591 | D:10     | Bought the +11 gold dragon scales of the Silversmith {Drain
                  | rPois rF+ rC+ Regen+ rCorr Str+4} for 1986 gold pieces
 29107 | D:12     | Learned a level 2 spell: Blink
 29129 | D:12     | Found Adipae Joom's Armour Emporium.
 30126 | D:13     | Found a gate to the Vaults.
 30163 | Arena    | Entered the Arena
 30294 | D:13     | Noticed Azrael
 30364 | D:13     | HP: 1/117 [Azrael/damnation (25)]
 30945 | D:14     | Found a hide-covered altar of Uskayaw.
 31204 | D:14     | Reached XP level 16. HP: 125/125 MP: 30/30
 31412 | D:14     | Found a white marble altar of Elyvilon.
 31497 | D:15     | Entered Level 15 of the Dungeon
 31724 | Orc:2    | Bought a kite shield for 117 gold pieces
 32378 | D:15     | Found a staircase to the Depths.
 32966 | Snake:1  | Entered Level 1 of the Snake Pit
 32975 | Snake:1  | Identified the +4 halberd of the Ghost {flame, rElec rF+
                  | rN+ Dex-5}
 33007 | Snake:1  | Received a gift from Okawaru
 33185 | Snake:1  | Found Soin's Jewellery Shop.
 33189 | Snake:1  | Found Owat's Jewellery Boutique.
 33289 | Snake:1  | Found a burning altar of Makhleb.
 33773 | Snake:1  | Found Guodde Qeosa's Firing Range.
 34004 | Snake:1  | Upgraded the game from 0.31-a0-1163-gcee99d1eea to
                  | 0.31-a0-1172-g9944ec47dd
 34047 | Snake:2  | Noticed Vashnia
 34058 | Snake:1  | Received a gift from Okawaru
 34391 | Snake:3  | Found a runed translucent gate.
 34392 | Snake:3  | Found a runed translucent gate.
 34393 | Snake:3  | Found a runed translucent gate.
 34394 | Snake:3  | Noticed Wastoufi's ghost (adept GrFi)
 34682 | Snake:3  | Noticed a nagaraja
 34690 | Snake:3  | Killed a nagaraja
 34691 | Snake:3  | Reached skill level 13 in Unarmed Combat
 35048 | Snake:2  | Killed from afar by a shock serpent

Illustrated notes

Levels and vault maps discovered:
D:1:      wander_arrival_lonely_grave, layout_basic, minmay_close_crescents
D:2:      layout_basic, basic_altar, kennysheep_cross_bottleneck, uniq_natasha
D:3:      layout_loops_ring, zin_treasury, serial_shops, shop
D:4:      layout_gridville, minmay_temple_entry_statues, hangedman_decor_points,
          st_stairs_5, chequers_big_river, uniq_duvessa
D:5:      layout_rooms
D:6:      layout_loops_ring, serial_shops, shop, gammafunk_ghost_grave,
          serial_demonic, serial_demonic_e, serial_demonic_g, serial_demonic_g,
          serial_demonic_g
D:7:      layout_cave_pools, mainiacjoe_overflow_brackets,
          mainiacjoe_overflow_catwalk, lemuel_round_altar,
          mainiacjoe_overflow_alcove_1, uniq_joseph, uniq_maggie
D:8:      layout_basic, serial_shops, shop
D:9:      layout_irregular_city, minitemple, minmay_misc_feat_plants
D:10:     layout_basic, erik_orc_4, nicolae_shop_dragon_depot, uniq_fannar,
          uniq_erica
D:11:     slaughterhouse, layout_cave_pools, lair_entry_dummy, serial_shops,
          shop_statue, serial_co_window_serial, co_window_paths_a,
          co_window_paths_b, co_window_of_opportunity_a, co_window_paths_a,
          co_window_paths_a, co_window_corner_a, co_window_paths_b,
          co_window_corner_b, co_window_paths_c, co_window_of_opportunity_b,
          co_window_4corner_a, glass_columns_b, glass_columns_a, glass_columns_b
D:12:     layout_cave_pods, serial_shops, shop
D:13:     layout_basic, hangedman_vaults_entry_quadrant_bands,
          serial_co_window_serial, co_window_paths_a,
          co_window_of_opportunity_a, co_window_corner_a, co_window_corner_a,
          co_window_of_opportunity_a, co_window_corner_a, co_window_corner_a,
          co_window_paths_b, co_window_corner_a, co_window_broadway_a,
          co_window_of_opportunity_b, co_window_broadway_a, co_window_cross_2,
          nicolae_hepliaklqana_monster_ancestors, uniq_azrael
D:14:     cheibrodos_quadrivalence, layout_irregular_city, serial_rivers,
          chequers_serial_rivers_micro_b, chequers_serial_rivers_micro_d,
          chequers_serial_rivers_micro_c, chequers_serial_rivers_micro_d,
          chequers_serial_rivers_micro_d, nicolae_uskayaw_suspiria,
          nicolae_elyvilon_temple_path
D:15:     gammafunk_depths_entry_grave, layout_loops_cross,
          minmay_misc_feat_columns, nicolae_figureground_pulse
Lair:1:   layout_cave_shapes, gammafunk_ghost_wrathful_warriors, st_stairs_9,
          guppyfry_lair_drakes, grunt_megastairs_2, uniq_gastronok
Lair:2:   layout_gridlike, elwin_shoals_entry_stream, uniq_harold
Lair:3:   layout_chaotic_city, dummy_snake_entry, minmay_holes,
          minmay_shattered_shrine
Lair:4:   layout_cellular_growth, disabler_island
Lair:5:   cheibrodos_lair_end_hotspot, layout_regular_city,
          minmay_slime_entry_oklob_enclosed, st_stairs_3, uniq_rupert
Snake:1:  layout_gridlike, basic_altar, nicolae_shop_firing_range,
          minmay_shoptagon
Snake:2:  layout_onion_interference, drop_trap, nicolae_large_snake_swirl,
          serial_bayou_shore_b, uniq_asterion, uniq_vashnia, uniq_louise,
          uniq_aizul
Snake:3:  layout_chambers, gammafunk_ghost_split
Orc:1:    layout_caves
Orc:2:    grunt_orc_community_town_hall, layout_diamond_mine,
          grunt_orc_community_big_house_2, grunt_orc_community_big_house_1,
          grunt_orc_community_house_3, grunt_orc_community_house_3,
          grunt_orc_community_house_2, grunt_orc_community_house_2, mines2_david

Skill      XL: |  1  2  3  4  5  6  7  8  9 10 11 12 13 14 15 16 |
---------------+-------------------------------------------------+-----
Invocations    | 1 2 3 4 5 6 7 8 9 10 11 12 | 12.4
Short Blades   | 1 2 4 6 7 8 9 10 11 | 11.4
Long Blades    | 1 2 4 6 7 8 9 10 11 | 11.4
Axes           | 1 2 4 6 7 8 9 10 11 | 11.4
Maces & Flails | 1 2 4 6 7 8 9 10 11 | 11.4
Polearms       | 1 2 4 6 7 8 9 10 11 | 11.4
Staves         | 1 2 4 6 7 8 9 10 11 | 11.4
Ranged Weapons | 1 2 4 6 7 8 9 10 11 | 11.4
Throwing       | 1 2 4 6 7 8 9 10 11 | 11.4
Armour         | 1 2 4 6 7 8 9 10 11 | 11.4
Stealth        | 1 2 4 6 7 8 9 10 11 | 11.4
Shields        | 1 2 4 6 7 8 9 10 11 | 11.4
Spellcasting   | 1 2 4 6 7 8 9 10 11 | 11.4
Evocations     | 1 2 4 6 7 8 9 10 11 | 11.4
Conjurations   | 1 2 3 4 5 6 7 8 9 |  9.6
Hexes          | 1 2 3 4 5 6 7 8 9 |  9.6
Summonings     | 1 2 3 4 5 6 7 8 9 |  9.6
Necromancy     | 1 2 3 4 5 6 7 8 9 |  9.6
Translocations | 1 2 3 4 5 6 7 8 9 |  9.6
Transmutations | 1 2 3 4 5 6 7 8 9 |  9.6
Fire Magic     | 1 2 3 4 5 6 7 8 9 |  9.6
Ice Magic      | 1 2 3 4 5 6 7 8 9 |  9.6
Air Magic      | 1 2 3 4 5 6 7 8 9 |  9.6
Earth Magic    | 1 2 3 4 5 6 7 8 9 |  9.6
Poison Magic   | 1 2 3 4 5 6 7 8 9 |  9.6
Fighting       | 3 4 5 6 7 8 9 10 11 | 11.7
Dodging        | 5 6 7 8 9 10 11 12 | 12.2
Unarmed Combat | 7 8 9 10 11 12 13 | 13.0
Shapeshifting  | 7 8 9 10 11 12 | 12.3

Action                     |  1- 3 |  4- 6 |  7- 9 | 10-12 | 13-15 | 16-18 || total
---------------------------+-------+-------+-------+-------+-------+-------++-------
  Melee: Short sword       |   109 |       |       |       |       |       ||   109
         Bite              |    10 |     9 |    61 |   113 |   249 |    81 ||   523
         Unarmed           |    18 |    77 |       |    15 |       |       ||   110
         Punch             |     4 |     4 |    18 |    51 |   174 |     3 ||   254
         Rapier            |       |    24 |   354 |   441 |   173 |    15 ||  1007
         Broad axe         |       |       |    36 |   284 |  1554 |   516 ||  2390
         Whip              |       |       |       |     7 |       |       ||     7
         Triple sword      |       |       |       |       |     6 |       ||     6
  Throw: Dart              |       |     1 |       |    43 |    86 |     2 ||   132
         Boomerang         |       |       |       |    26 |   141 |   183 ||   350
         Throwing net      |       |       |       |       |     4 |       ||     4
         Javelin           |       |       |       |       |     1 |       ||     1
 Invoke: Heroism           |       |       |     1 |     5 |     8 |     3 ||    17
         Finesse           |       |       |       |     2 |     2 |     1 ||     5
         Duel              |       |       |       |       |     2 |       ||     2
Ability: Begin Untransform |       |     1 |       |       |       |       ||     1
  Evoke: Wand              |       |     7 |    14 |    21 |    33 |     3 ||    78
    Use: Scroll            |       |     7 |     6 |     8 |    13 |     2 ||    36
         Potion            |       |     1 |     1 |     1 |     9 |     2 ||    14
   Stab: Held in net/web   |       |       |       |       |     6 |       ||     6
 Armour: Animal skin       |     8 |       |       |       |       |       ||     8
         Ring mail         |    46 |    10 |       |       |       |       ||    56
         Leather armour    |     5 |       |       |       |       |       ||     5
         Skin              |       |     3 |       |    11 |       |       ||    14
         Chain mail        |       |    44 |       |       |       |       ||    44
         Crystal plate arm |       |    13 |   817 |   899 |  2149 |       ||  3878
         Gold dragon scale |       |       |       |       |   569 |   645 ||  1214
  Dodge: Dodged            |    97 |    37 |    71 |   161 |   818 |   188 ||  1372
  Block: Kite shield       |       |       |       |       |       |   359 ||   359

Table legend: (Time is in decaauts)
 A = Elapsed time spent in this place.
 B = Non-inter-level travel time spent in this place.
 C = Inter-level travel time spent in this place.
 D = Time resting spent in this place.
 E = Time spent auto-exploring this place.
 F = Levels seen in this place.
 G = Mean time per level.
                   A        B        C        D        E       F      G
               +--------+--------+--------+--------+--------+-----+--------+
         Total |  35183 |  32533 |   2650 |   6376 |  17745 |  27 | 1303.1 |
       Dungeon |  19481 |  17940 |   1541 |   3394 |  10286 |  15 | 1298.7 |
          Lair |   9894 |   9078 |    816 |   1383 |   5222 |   5 | 1978.8 |
     Snake Pit |   2007 |   1912 |     95 |    214 |    919 |   3 |  669.0 |
  Orcish Mines |   3739 |   3543 |    196 |   1367 |   1318 |   2 | 1869.5 |
         Arena |     61 |     61 |      0 |     18 |      0 |   2 |   30.5 |
               +--------+--------+--------+--------+--------+-----+--------+

Top non-repeatable levels by time:
    D:11: 3210 daAuts
  Lair:5: 2894 daAuts
    D:10: 2689 daAuts
  Lair:4: 2523 daAuts
   Orc:2: 1999 daAuts
  Lair:3: 1966 daAuts
   Orc:1: 1740 daAuts
  Lair:1: 1487 daAuts
     D:6: 1431 daAuts
     D:4: 1247 daAuts
     D:7: 1231 daAuts
 Snake:1: 1218 daAuts
     D:9: 1134 daAuts
    D:15: 1080 daAuts
    D:12: 1030 daAuts
